 Dungeon Crawl Stone Soup version 0.29.0-4-gdea44cf6ec (webtiles) character file.

Game seed: 7646621516160312722

155 Godmorgon the Covert (level 5, 0/47 HPs)
             Began as a Gnoll Wanderer on Aug 27, 2022.
             Succumbed to an adder's poison
             ... on level 2 of the Dungeon.
             The game lasted 00:09:37 (2622 turns).

Godmorgon the Covert (Gnoll Wanderer)               Turns: 2622, Time: 00:09:37

Health: 0/47       AC:  3    Str: 11    XL:     5   Next: 37%
Magic:  9/9        EV: 11    Int:  7    God:
Gold:   16         SH:  0    Dex: 18    Spells: 10/10 levels left

rFire   . . .      SeeInvis .   a - +3 dagger
rCold   . . .      Faith    .   (no shield)
rNeg    . . .      Spirit   .   e - +0 leather armour
rPois   .          Reflect  .   (no helmet)
rElec   .          Harm     .   (no cloak)
rCorr   .          Rampage  .   (no gloves)
Will    .....                   (no boots)
Stlth   ++++......              h - amulet of magic regeneration
HPRegen 0.15/turn               (no ring)
MPRegen 0.51/turn               (no ring)

@: mighty, lethally poisoned (0 -> -4)
A: fangs 1, strong nose, distributed training
a: no special abilities


You were on level 2 of the Dungeon.
You visited 1 branch of the dungeon, and saw 3 of its levels.

You collected 152 gold pieces.
You spent 136 gold pieces at shops.

Inventory:

Hand Weapons
 a - a +3 dagger (weapon)
 g - a +0 sling
Missiles
 f - 26 stones (quivered)
 o - 2 curare-tipped darts
 q - 2 boomerangs of dispersal
Armour
 e - a +0 leather armour (worn)
Jewellery
 h - an amulet of magic regeneration (around neck)
Scrolls
 b - a scroll of blinking
 i - a scroll of silence {unknown}
 j - a scroll of enchant armour {unknown}
 k - 2 scrolls of magic mapping
 n - 2 scrolls of identify {unknown}
 p - a scroll of teleportation
Potions
 c - 3 potions of attraction
 m - a potion of heal wounds {unknown}


   Skills:
 + Level 6.7 Fighting
 + Level 1.5 Short Blades
 + Level 1.5 Long Blades
 + Level 1.5 Axes
 + Level 1.5 Maces & Flails
 + Level 1.5 Polearms
 + Level 1.5 Staves
 + Level 1.5 Ranged Weapons
 + Level 1.5 Throwing
 + Level 1.5 Armour
 + Level 1.5 Dodging
 + Level 9.7 Stealth
 + Level 1.5 Shields
 + Level 1.5 Unarmed Combat
 + Level 3.2 Spellcasting
 + Level 1.2 Conjurations
 + Level 1.2 Hexes
 + Level 1.2 Summonings
 + Level 1.2 Necromancy
 + Level 1.2 Translocations
 + Level 1.2 Transmutations
 + Level 1.2 Fire Magic
 + Level 1.2 Ice Magic
 + Level 1.2 Air Magic
 + Level 1.2 Earth Magic
 + Level 1.2 Poison Magic
 + Level 1.7 Invocations
 + Level 3.0 Evocations


You had 10 spell levels left.
You didn't know any spells.
Your spell library was empty.

Dungeon Overview and Level Annotations

Branches:
Dungeon (3/15)

Altars:
Dithmenos

Shops:
D:2 (   D:3 ?


Innate Abilities, Weirdness & Mutations

You have very sharp teeth.
Your uncanny sense of smell can sniff out nearby items.
Your experience applies equally to all skills.


Message History

Things that are here:
a +0 flail; a gnoll corpse You feel better.
The adder closely misses you.
You barely miss the adder. Your bite misses the adder.
The adder bites you but does no damage.
You barely miss the adder. The adder bites you.
* * * LOW HITPOINT WARNING * * *
You closely miss the adder. You bite the adder.
The adder is lightly wounded.
The adder bites you.
* * * LOW HITPOINT WARNING * * *
The adder barely misses you.
You hit the adder.
The adder is moderately wounded.
The adder bites you but does no damage.
You closely miss the adder.
The adder is moderately wounded.
The adder closely misses you.
You hit the adder.
The adder is severely wounded.
The adder barely misses you.
You hit the adder.
The adder is almost dead.
The adder closely misses you.
You closely miss the adder.
The adder is almost dead.
The adder bites you.
* * * LOW HITPOINT WARNING * * *
You are lethally poisoned!
The adder poisons you! The adder bites you but does no damage.
You hit the adder.
You kill the adder!
* * * LOW HITPOINT WARNING * * *
You feel sick.
Okay, then.
It was a potion of might.
You feel very mighty all of a sudden.
* * * LOW HITPOINT WARNING * * *
You feel sick.
You die...

#.# #.#.#.#..# #.# #.#
#.#.#.#..##### #.# #.#
#.#.#.#......# #.# #.#
#.#.#.#..###.# #.#
#.#####.#.#.##.###.# #.#
####.#...#.#.#.##.....# #.#
...#.#.#.....#.######## #.#
##.#.#.###...#.#......# #.#
................@>###.# #.#
##...#.......###).# #.# #.#
##...........###..# #.####.#
##.....#.....##..## #....#.#
##.....#.....#...# #####.#.#
.#....(#.........###.......#
##.....#...#.######.)....###
..................#..#####
.#...####....####.#..#


There were no monsters in sight!

Vanquished Creatures
  Jessica (D:3)
  5 gnolls (D:2)
  2 adders (D:2)
  A worm (D:3)
  5 ball pythons
  6 endoplasms
  A giant cockroach (D:2)
  3 goblins (D:2)
  6 hobgoblins
  10 jackals
  5 kobolds
  3 quokkas
  4 bats
  A frilled lizard (D:2)
  3 rats
56 creatures vanquished.

Notes
Turn   | Place    | Note
-------+----------+-------------------------------------------
     0 | D:1      | Reached skill level 9 in Stealth
     0 | D:1      | Godmorgon the Gnoll Wanderer began the quest for the Orb.
     0 | D:1      | Godmorgon set off with the following items: a +3 dagger, a
                  | scroll of blinking, a potion of attraction, a potion of
                  | curing, a +0 leather armour.
     0 | D:1      | Reached XP level 1. HP: 23/23 MP: 4/4
   171 | D:1      | Reached XP level 2. HP: 29/29 MP: 5/5
   517 | D:1      | Reached XP level 3. HP: 30/35 MP: 7/7
   941 | D:2      | Found Faddejoc's Antique Weapon Shoppe.
  1011 | D:2      | Reached skill level 1 in Invocations
  1065 | D:2      | Found a faded altar of an unknown god.
  1139 | D:2      | Reached skill level 1 in Short Blades
  1139 | D:2      | Reached skill level 1 in Long Blades
  1139 | D:2      | Reached skill level 1 in Axes
  1139 | D:2      | Reached skill level 1 in Maces & Flails
  1139 | D:2      | Reached skill level 1 in Polearms
  1139 | D:2      | Reached skill level 1 in Staves
  1139 | D:2      | Reached skill level 1 in Ranged Weapons
  1139 | D:2      | Reached skill level 1 in Throwing
  1139 | D:2      | Reached skill level 1 in Armour
  1139 | D:2      | Reached skill level 1 in Dodging
  1139 | D:2      | Reached skill level 1 in Shields
  1139 | D:2      | Reached skill level 1 in Unarmed Combat
  1511 | D:2      | Reached XP level 4. HP: 29/41 MP: 8/8
  1986 | D:2      | Reached skill level 1 in Conjurations
  1986 | D:2      | Reached skill level 1 in Hexes
  1986 | D:2      | Reached skill level 1 in Summonings
  1986 | D:2      | Reached skill level 1 in Necromancy
  1986 | D:2      | Reached skill level 1 in Translocations
  1986 | D:2      | Reached skill level 1 in Transmutations
  1986 | D:2      | Reached skill level 1 in Fire Magic
  1986 | D:2      | Reached skill level 1 in Ice Magic
  1986 | D:2      | Reached skill level 1 in Air Magic
  1986 | D:2      | Reached skill level 1 in Earth Magic
  1986 | D:2      | Reached skill level 1 in Poison Magic
  2245 | D:3      | Found Juin's Magic Scroll Shoppe.
  2251 | D:3      | Noticed Jessica
  2445 | D:3      | Killed Jessica
  2446 | D:3      | Reached XP level 5. HP: 40/47 MP: 9/9
  2460 | D:3      | Bought a scroll of magic mapping for 97 gold pieces
  2460 | D:3      | Bought a scroll of teleportation for 39 gold pieces
  2525 | D:3      | Found a shadowy altar of Dithmenos.
  2620 | D:2      | HP: 2/47 [poisoned by an adder]
  2622 | D:2      | Succumbed to an adder's poison

Illustrated notes

Levels and vault maps discovered:
D:1:      dpeg_arrival_castle, layout_loops_cross, kennysheep_small_spiral
D:2:      layout_basic, serial_shops, nicolae_shop_hallway_plus,
          dilly_ecumenical_altar_fadedgnrine
D:3:      layout_rooms, lemuel_round_altar,
          nicolae_dithmenos_through_a_glass_darkly, serial_shops,
          nicolae_shop_hallway_plus, uniq_natasha, uniq_jessica

Skill      XL: |  1  2  3  4  5 |
---------------+----------------+-----
Stealth        | |  9.7
Invocations    | 1 |  1.7
Short Blades   | 1 |  1.5
Long Blades    | 1 |  1.5
Axes           | 1 |  1.5
Maces & Flails | 1 |  1.5
Polearms       | 1 |  1.5
Staves         | 1 |  1.5
Ranged Weapons | 1 |  1.5
Throwing       | 1 |  1.5
Armour         | 1 |  1.5
Dodging        | 1 |  1.5
Shields        | 1 |  1.5
Unarmed Combat | 1 |  1.5
Spellcasting   | 3 |  3.2
Conjurations   | 1 |  1.2
Hexes          | 1 |  1.2
Summonings     | 1 |  1.2
Necromancy     | 1 |  1.2
Translocations | 1 |  1.2
Transmutations | 1 |  1.2
Fire Magic     | 1 |  1.2
Ice Magic      | 1 |  1.2
Air Magic      | 1 |  1.2
Earth Magic    | 1 |  1.2
Poison Magic   | 1 |  1.2
Evocations     | 3 |  3.0
Fighting       | |  6.7

Action                   |  1- 3 |  4- 6 || total
-------------------------+-------+-------++-------
Melee: Dagger            |    84 |    64 ||   148
       Bite              |    10 |     6 ||    16
       Punch             |     1 |       ||     1
Throw: Stone             |       |     7 ||     7
  Use: Potion            |       |     2 ||     2
 Stab: Sleeping          |     9 |     4 ||    13
       Distracted        |       |     1 ||     1
Armor: Leather armour    |    27 |    20 ||    47
Dodge: Dodged            |    46 |    41 ||    87
